 Dungeon Crawl Stone Soup version bcrawl-1.38.3 (webtiles) character file.

Game seed: 14587371663180770589

158504 mrsnowman the Sneak (level 3, 0/25 HPs)
             Began as an Octopode Rogue on May 13, 2023.
             Slain by a jackal (2 damage)
             ... on level 2 of the Dungeon.
             The game lasted 00:05:07 (821 turns).

mrsnowman the Sneak (Octopode Rogue)                 Turns: 821, Time: 00:05:08

Health: 0/25       AC:  1    Str: 11    XL:     3   Next: 83%
Magic:  4/5        EV:  7    Int: 13    God:
Gold:   114        SH:  7    Dex: 13    Spells: 4/4 levels left

rFire    . . .     GDR:     25% a - +2 dagger
rCold    . . .     SeeInvis .   h - +0 medium shield
rNeg     . . .     Gourm    .   (helmet restricted)
rPois    .         Faith    .   (cloak restricted)
rElec    .         Spirit   .   (no amulet)
rCorr    .         Reflect  .   (no ring)
MR       .....                  (no ring)
Stlth    ++++......             (no ring)
HPRegen  0.14/turn              (no ring)
MPRegen  0.09/turn              (no ring)
                                (no ring)
                                (no ring)
                                (no ring)

@: no status effects
A: almost no armour, stealthy swim, resist paralysis, amphibious, 8 rings,
constrict 8, camouflage 1, gelatinous body 1
a: no special abilities


You were on level 2 of the Dungeon.
You were hungry.

You visited 1 branch of the dungeon, and saw 2 of its levels.

You collected 114 gold pieces.

Inventory:

Hand Weapons
 a - a +2 dagger (weapon)
 b - a +0 blowgun
Missiles
 c - 71 poisoned needles
Armour
 h - a +0 medium shield (worn)
Wands
 d - a wand of flame (15)
 f - a wand of charming (15)
Scrolls
 i - 3 scrolls of identify
 n - a scroll of remove curse {unknown}
 p - a scroll of fog {unknown}
Potions
 g - a potion of resistance {unknown}
 j - a potion of degeneration {unknown}
 k - a potion of heal wounds {unknown}
 l - a potion of flight {unknown}
 m - 2 potions of cancellation {unknown}
 o - a potion of might {unknown}
Comestibles
 e - 2 rations {!d}
 r - 9 chunks of flesh


   Skills:
 + Level 2.6 Fighting
 - Level 2.0 Short Blades
 + Level 1.4 Dodging
 - Level 6.0 Stealth
 + Level 1.0 Shields
 + Level 1.3 Spellcasting
 - Level 2.1 Evocations


You had 4 spell levels left.
You didn't know any spells.
Your spell library was empty.

Dungeon Overview and Level Annotations

Branches:
Dungeon (2/12)

Altars:
Cheibriados


Innate Abilities, Weirdness & Mutations

You cannot wear most types of armour.
You are very stealthy in the water. (Stealth+)
Your unusual nervous system resists paralysis.
You are amphibious.
You can wear up to eight rings at the same time.
You can use your tentacles to constrict eight enemies at once.
Your skin changes colour to match your surroundings (Stealth+).
Your rubbery body absorbs attacks. (AC +1, EV +1)


Message History

You hit the jackal.
The jackal is severely wounded.
You constrict the jackal.
You kill the jackal!
You see here a rat skeleton.
You closely miss the jackal. Your grab misses the jackal.
The jackal barely misses you.
You hit the jackal. You grab the jackal.
The jackal is moderately wounded.
You constrict the jackal, but do no damage.
The jackal bites you. x2
* * * LOW HITPOINT WARNING * * *
The jackal bites you.
* * * LOW HITPOINT WARNING * * *
You hit the jackal but do no damage.
The jackal is moderately wounded.
You constrict the jackal. The jackal bites you.
* * * LOW HITPOINT WARNING * * *
The jackal bites you.
You die...

## ###.....).#..# .#
##.....##..# ..#
##...##...# ..
###.##....# #.##
#.........# ..#
#.........# ###
#####.#####..#######
.)## ##.....##.h...##
...###.........h@...##
..).÷.÷........h.....#
..÷##................#
...##........).<.....#
...##...)............#
...#.................#
.....................#
...###..............##
#### ##.....##.....##


You could see 3 jackals.

Vanquished Creatures
  Robin (D:2)
  A dart slug (D:1)
  4 bats (D:1)
  4 giant cockroaches
  10 goblins (D:2)
  7 hobgoblins
  A jackal (D:2)
  2 kobolds
  2 frilled lizards
  3 rats
35 creatures vanquished.

Notes
Turn   | Place    | Note
-------+----------+-------------------------------------------
     0 | D:1      | mrsnowman the Octopode Rogue began the quest for the Orb.
     0 | D:1      | Reached XP level 1. HP: 14/14 MP: 2/2
    65 | D:1      | Reached skill level 6 in Stealth
    65 | D:1      | Reached XP level 2. HP: 19/19 MP: 3/3
   584 | D:2      | Reached skill level 1 in Dodging
   602 | D:2      | Found a snail-covered altar of Cheibriados.
   615 | D:2      | Reached skill level 1 in Spellcasting
   671 | D:2      | Reached XP level 3. HP: 25/25 MP: 4/4
   702 | D:2      | Noticed Robin
   717 | D:2      | Killed Robin
   718 | D:2      | Reached skill level 1 in Shields
   821 | D:2      | Slain by a jackal

Skill      XL: |  1  2  3 |
---------------+----------+-----
Stealth        | 6 |  6.0
Dodging        | 1 |  1.4
Spellcasting   | 1 |  1.3
Shields        | 1 |  1.0
Fighting       | |  2.6
Short Blades   | |  2.0
Evocations     | |  2.1

Action                   || total
-------------------------++-------
Melee: Dagger            ||    64
       Tentacles         ||     9
       Constrict         ||    14
 Fire: Blowgun           ||     9
 Stab: Sleeping          ||     8
       Distracted        ||     1
  Eat: Chunk             ||     1
Armor: Skin              ||     6
Dodge: Dodged            ||    12
Block: Medium shield     ||    10
